 Dungeon Crawl Stone Soup version 0.30.0 (webtiles) character file.

Game seed: 2877966624477746592

184 Meow the Conjurer (level 5, 0/42 HPs)
             Began as a Naga Conjurer on Dec 20, 2023.
             Slain by a yak (14 damage)
             ... on level 3 of the Dungeon.
             The game lasted 00:05:19 (2710 turns).

Meow the Conjurer (Naga Conjurer)                   Turns: 2710, Time: 00:05:19

Health: 0/42       AC:  5    Str:  9    XL:     5   Next: 63%
Magic:  17/19      EV:  9    Int: 21    God:
Gold:   129        SH:  0    Dex:  9    Spells: 4/11 levels left

rFire   . . .        a - +0 sling
rCold   . . .        (no shield)
rNeg    . . .        f - +2 leather armour {Will+}
rPois   +            (no helmet)
rElec   .            (no cloak)
rCorr   .            (no gloves)
SInv    +            (no barding)
Will    +....        (no amulet)
Stlth   ++           k - ring of magical power
HPRegen 0.27/turn    o - +4 ring of slaying
MPRegen 0.16/turn

%: no passive effects
@: very slow
A: AC +1, large, see invisible, deformed body, poison resistance, slowness 2,
spit poison 1, naga tail 1
a: Spit Poison


You were on level 3 of the Dungeon.
You visited 1 branch of the dungeon, and saw 4 of its levels.

You collected 129 gold pieces.

Inventory:

Hand Weapons
 a - a +0 sling (weapon)
 b - a +0 short sword
Missiles
 e - 10 stones
 i - 4 poisoned darts
 x - 6 javelins
Armour
 d - a +0 robe
 f - a +2 leather armour of willpower (worn)
Jewellery
 k - a ring of magical power (left hand)
 o - a +4 ring of slaying (right hand)
 p - a ring of resist corrosion
 q - a +6 ring of intelligence
 t - a +4 ring of slaying
 y - a ring of positive energy
Wands
 r - a wand of light (13)
 s - a wand of paralysis (7)
Scrolls
 j - 2 scrolls of fear
 n - 3 scrolls of teleportation
 u - 2 scrolls of silence {unknown}
 v - a scroll of blinking {unknown}
Potions
 c - a potion of mutation {unknown}
 g - a potion of cancellation {unknown}
 h - a potion of magic
 l - a potion of lignification {unknown}
 m - 3 potions of curing {unknown}
 w - a potion of berserk rage {unknown}
 z - a potion of degeneration {unknown}
 A - a potion of might {unknown}


   Skills:
 - Level 1.5 Dodging
 - Level 3.0 Stealth
 + Level 3.9 Spellcasting
 + Level 5.5 Conjurations


You had 4 spell levels left.
You knew the following spells:

 Your Spells              Type           Power      Damage    Failure   Level
a - Magic Dart            Conj           100%       1d8       1%          1
b - Searing Ray           Conj           54%        2d6       2%          2
B - Iskenderun's Mystic   Conj/Tloc      15%        2d5       47%         4

Your spell library contained the following spells:

 Spells                   Type           Power      Damage    Failure   Level
 Static Discharge         Conj/Air       30%        2-4/arc   9%          2
 Dazzling Flash           Conj/Hex       30%        N/A       16%         3
 Lesser Beckoning         Tloc           8%         N/A       26%         2
 Gell's Gravitas          Tloc           4%         N/A       45%         3
 Teleport Other           Tloc           4%         N/A       45%         3
 Fulminant Prism          Conj/Hex       7%         3d7       47%         4
 Airstrike                Air            2%         2d(1-17)  86%         4
 Summon Lightning Spire   Summ/Air       4%         N/A       86%         4


Dungeon Overview and Level Annotations

Branches:
Dungeon (4/15)
 Temple: D:4-7

Altars:
Kikubaaqudgha

Shops:
D:2 [


Innate Abilities, Weirdness & Mutations

Your serpentine skin is tough. (AC +1)
You have supernaturally acute eyesight. (SInv)
Armour fits poorly on your strangely shaped body.
Your system is resistant to poisons. (rPois)
You cover ground very slowly.
You can spit poison.
You have a snake-like lower body.


Message History

e - 10 stones (gained 3)
Things that are here:
a +0 short sword; a kobold corpse You now have 114 gold pieces (gained 4).
You now have 129 gold pieces (gained 15). 2 yaks come into view.
The yak moves out of view.
Fire: a) +0 sling
Press: ? - help, Q - select action, (/) - cycle Shift-Dir - straight line, f - yak
Aim: a yak (wandering, hasn't noticed you, 68% to hit)
You shoot a sling bullet. The yak bellows!
The sling bullet hits the yak.
The yak is lightly wounded.
You hear an angry hiss.
You hear a shout!
A yak comes into view. x2
An orc comes into view. It is wielding a +0 falchion.
The yak attacks as you move away! The yak barely misses you.
The yak barely misses you. The yak gores you. The yak attacks as you move away!
The yak gores you! The yak gores you!
There is a stone staircase leading up here.
The yak gores you.
You climb upwards.
There is a stone staircase leading down here.
Casting: Searing Ray (safe; 2% risk of failure)
Confirm with . or Enter, or press ? or * to list all spells.
The spell is extremely dangerous to miscast (47% risk of failure)!
Continue anyway?
Okay, then.
Casting: Iskenderun's Mystic Blast (extremely dangerous; 47% risk of failure)
Confirm with . or Enter, or press ? or * to list all spells.
Aiming: Searing Ray (safe; 2% risk of failure)
Press: ? - help, Shift-Dir - straight line, f - yak
Aim: a yak (lightly wounded, 87% to hit)
The searing ray hits the yak!
The yak is moderately wounded. (Press . to maintain the ray.)
The yak gores you!
You die...

#.......# #.......# ##
#.#...#.####.#####.##### #
#.#..........##..†.....# #
#.#...#.###.....##.###.# #
#.##.##.####.#####.###.# #
#.......#.##.#####)....#
####.###.#.........###.####
#......#........# #....##
#####...@...)...###......
#....#Y...........##...
#.####.......####.##... #.#
#.......# #.#..## #.#
#.......# #.#.### #.#
######### #...... #.#######
###.### #.......# #...#
#######.# #######.#.#


You could see a yak.

Vanquished Creatures
  A phantom (D:4)
  An iguana (D:4)
  4 adders
  2 dart slugs
  An orc (D:3)
  4 ball pythons
  7 endoplasms
  3 giant cockroaches
  6 hobgoblins
  2 kobolds
  2 quokkas
  5 bats
  A frilled lizard (D:1)
  4 goblins
  2 rats
45 creatures vanquished.

Notes
Turn   | Place    | Note
-------+----------+-------------------------------------------
     0 | D:1      | Meow the Naga Conjurer began the quest for the Orb.
     0 | D:1      | Reached XP level 1. HP: 15/15 MP: 3/3
   499 | D:1      | Reached XP level 2. HP: 22/22 MP: 1/5
   506 | D:1      | Learned a level 2 spell: Searing Ray
   885 | D:2      | Found Kobubiur's Armour Shop.
   885 | D:2      | Noticed an animated pearl dragon scales
   890 | D:2      | Noticed an animated storm dragon scales
  1138 | D:2      | Reached XP level 3. HP: 28/28 MP: 7/7
  1941 | D:3      | Reached XP level 4. HP: 34/36 MP: 7/8
  1946 | D:3      | Learned a level 4 spell: Iskenderun's Mystic Blast
  2382 | D:3      | Found an ancient bone altar of Kikubaaqudgha.
  2546 | D:4      | Noticed a phantom
  2554 | D:4      | Reached skill level 5 in Conjurations
  2556 | D:4      | Killed a phantom
  2557 | D:4      | Reached XP level 5. HP: 12/42 MP: 5/10
  2696 | D:4      | Noticed a yak
  2696 | D:4      | Noticed a yak
  2697 | D:4      | Noticed a yak
  2697 | D:4      | Noticed a yak
  2710 | D:3      | Slain by a yak

Illustrated notes

Levels and vault maps discovered:
D:1:      lemuel_arrival_hallway, layout_basic, serial_curves, eino_curves_01,
          eino_curves_01
D:2:      layout_loops_corners, serial_shops, nicolae_shop_mannequins
D:3:      layout_loops_cross, lemuel_round_altar, kennysheep_donut
D:4:      layout_rooms, okawaru_altar_gauntlet_db, minmay_ruptured

Skill      XL: |  1  2  3  4 |
---------------+-------------+-----
Spellcasting   | 3 |  3.9
Conjurations   | 5 |  5.5
Dodging        | |  1.5
Stealth        | |  3.0

Action                     |  1- 3 |  4- 6 || total
---------------------------+-------+-------++-------
   Fire: Sling             |    24 |    16 ||    40
   Cast: Magic Dart        |    15 |     1 ||    16
         Searing Ray       |    12 |     8 ||    20
Ability: Spit Poison       |    12 |     8 ||    20
    Use: Scroll            |     2 |       ||     2
 Armour: Leather armour    |     8 |     4 ||    12
  Dodge: Dodged            |     5 |     6 ||    11
